 Dungeon Crawl Stone Soup version 0.28.0-43-g3370ac3207 (webtiles) character file.

Game seed: 7407867016460244597

55 Ablot the Grasshopper (level 3, -1/46 HPs)
             Began as a Gnoll Warper on Mar 28, 2022.
             Slain by an orc wizard
             ... wielding a +0 dagger
              (3 damage)
             ... on level 1 of the Dungeon.
             The game lasted 00:01:57 (1679 turns).

Ablot the Grasshopper (Gnoll Warper)                Turns: 1679, Time: 00:01:57

Health: -1/46      AC: 21    Str: 12    XL:     3   Next: 93%
Magic:  9/9        EV:  2    Int: 12    God:
Gold:   66         SH:  0    Dex: 11    Spells: 10/12 levels left

rFire   . . .      SeeInvis .   a - +0 spear
rCold   . . .      Faith    .   (no shield)
rNeg    . . .      Spirit   .   (armour currently unavailable)
rPois   +          Reflect  .   (helmet currently unavailable)
rElec   .          Harm     .   (cloak currently unavailable)
rCorr   .          Rampage  .   (gloves currently unavailable)
Will    .....      NoTele   +   (boots currently unavailable)
Stlth   +.........              (no amulet)
HPRegen 0.15/turn               (no ring)
MPRegen 0.11/turn               (no ring)

@: confused, tree-form, attractive
A: stationary, stasis, torment immunity, boosted hp, (fangs 1), strong nose,
distributed training
a: no special abilities


You were on level 1 of the Dungeon.
You were a tree.
You visited 1 branch of the dungeon, and saw 2 of its levels.

You collected 78 gold pieces.
You spent 12 gold pieces at shops.

Inventory:

Hand Weapons
 a - a +0 spear (weapon)
Missiles
 d - 5 boomerangs of dispersal (quivered)
 g - 22 arrows
 h - 47 stones
 m - 23 sling bullets
Armour
 b - a +0 leather armour (melded)
Scrolls
 c - 2 scrolls of blinking
 e - a scroll of magic mapping {unknown}
 f - a scroll of identify {unknown}
 i - a scroll of vulnerability {unknown}
 j - a scroll of noise {unknown}


   Skills:
 + Level 4.6 Fighting
 + Level 1.0 Short Blades
 + Level 1.0 Long Blades
 + Level 1.0 Axes
 + Level 1.0 Maces & Flails
 + Level 4.6 Polearms
 + Level 1.0 Staves
 + Level 1.0 Slings
 + Level 1.0 Bows
 + Level 1.0 Crossbows
 + Level 2.6 Throwing
 + Level 2.6 Armour
 + Level 4.6 Dodging
 + Level 1.0 Stealth
 + Level 1.0 Shields
 + Level 1.0 Unarmed Combat
 + Level 5.0 Spellcasting
 + Level 0.7 Conjurations
 + Level 0.7 Hexes
 + Level 0.7 Summonings
 + Level 0.7 Necromancy
 + Level 5.4 Translocations
 + Level 0.7 Transmutations
 + Level 0.7 Fire Magic
 + Level 0.7 Ice Magic
 + Level 0.7 Air Magic
 + Level 0.7 Earth Magic
 + Level 0.7 Poison Magic
 + Level 1.0 Invocations
 + Level 1.0 Evocations


You had 10 spell levels left.
You knew the following spells:

 Your Spells              Type           Power      Damage    Failure   Level
a - Blink                 Tloc           32%        N/A       3%          2

Your spell library contained the following spells:

 Spells                   Type           Power      Damage    Failure   Level
 Gell's Gravitas          Tloc           16%        N/A       6%          3
 Lesser Beckoning         Tloc           16%        N/A       6%          3
 Teleport Other           Tloc           16%        N/A       6%          3
 Manifold Assault         Tloc           16%        N/A       52%         5


Dungeon Overview and Level Annotations

Branches:
Dungeon (2/15)

Altars:

Shops:
D:1 !


Innate Abilities, Weirdness & Mutations

You are a tree.
Your roots penetrate the ground, keeping you stationary.
You cannot be teleported.
You are immune to unholy pain and torment.
Your maximum health is greatly increased.
Your equipment is partially melded.
((You have very sharp teeth.))
Your uncanny sense of smell can sniff out nearby items.
Your experience applies equally to all skills.


Message History

The orc wizard hits you but does no damage.
You attack the rock wall.
You feel less confused.
Unknown command.
Unknown command.
Reach: a) +0 spear
Press: ? - help, Dir - move target, f - orc wizard
Aim: an orc wizard, wielding a +0 dagger and wearing a +0 robe (heavily wounded, about 44% to evade your +0 spear)
You hit the orc wizard but do no damage.
The orc wizard is heavily wounded.
The orc wizard gestures at you while chanting.
You are confused.
You hit the orc wizard.
The orc wizard is almost dead.
The orc wizard casts a spell at you. You resist with significant effort.
Unknown command.
Unknown command.
You nearly hit yourself!
The orc wizard barely misses you.
You cannot move. (Use ctrl+direction or * direction to attack without moving.)
You cannot move. (Use ctrl+direction or * direction to attack without moving.)
You cannot move. (Use ctrl+direction or * direction to attack without moving.)
You attack the rock wall.
The orc wizard gestures at you while chanting.
The magic dart hits you but does no damage.
Unknown command.
You attack the rock wall.
The orc wizard casts a spell at you. The magic dart hits you.
* * * LOW HITPOINT WARNING * * *
Unknown command.
You swing at nothing.
The orc wizard hits you but does no damage.
Unknown command.
You attack the rock wall.
The orc wizard hits you but does no damage.
Unknown command.
You attack the rock wall.
The orc wizard hits you with a +0 dagger.
You die...

#....##.#....#
####....#....#
#....#....#
#....#....#
#....######
###..###.###
##.......#
#.o##.#.#
#####♣.##.#.#
#.........#.#
#.###.#####.#####
#.# #.....#.....#
#.# #.#.#######.#
#.# #.#.....# #.#
#.# #.#####.###.#
#.###........##.#
#....>..........#


You could see an orc wizard.

Vanquished Creatures
  2 adders (D:2)
  2 worms (D:2)
  A dart slug (D:1)
  An endoplasm (D:1)
  A giant cockroach (D:1)
  3 goblins
  3 hobgoblins
  6 kobolds
  A quokka (D:2)
  2 ball pythons (D:1)
  3 bats
  4 frilled lizards
  A rat (D:2)
30 creatures vanquished.

Notes
Turn   | Place    | Note
-------+----------+-------------------------------------------
     0 | D:1      | Ablot the Gnoll Warper began the quest for the Orb.
     0 | D:1      | Reached XP level 1. HP: 20/20 MP: 6/6
   151 | D:1      | Found Ominez's Distillery.
   154 | D:1      | Bought a potion of degeneration for 12 gold pieces
   189 | D:1      | Reached XP level 2. HP: 26/26 MP: 7/7
   192 | D:1      | Learned a level 2 spell: Blink
   913 | D:2      | Found a faded altar of an unknown god.
  1064 | D:2      | Reached XP level 3. HP: 29/30 MP: 9/9
  1091 | D:2      | Reached skill level 5 in Spellcasting
  1397 | D:2      | Reached skill level 1 in Invocations
  1515 | D:2      | Reached skill level 1 in Short Blades
  1515 | D:2      | Reached skill level 1 in Long Blades
  1515 | D:2      | Reached skill level 1 in Axes
  1515 | D:2      | Reached skill level 1 in Maces & Flails
  1515 | D:2      | Reached skill level 1 in Staves
  1515 | D:2      | Reached skill level 1 in Slings
  1515 | D:2      | Reached skill level 1 in Bows
  1515 | D:2      | Reached skill level 1 in Crossbows
  1515 | D:2      | Reached skill level 1 in Stealth
  1515 | D:2      | Reached skill level 1 in Shields
  1515 | D:2      | Reached skill level 1 in Unarmed Combat
  1515 | D:2      | Reached skill level 1 in Evocations
  1668 | D:1      | HP: 1/46 [orc wizard/puff of flame (3)]
  1676 | D:1      | HP: 1/46 [orc wizard/magic dart (1)]
  1679 | D:1      | Slain by an orc wizard

Illustrated notes

Levels and vault maps discovered:
D:1:      onia_arrival_mini_spirals, layout_basic, serial_shops,
          nicolae_shop_behind_doors
D:2:      minmay_razor_zed, layout_loops_ring,
          ebering_ecumenical_altar_sacrificial, amethyst_killhole

Skill      XL: |  1  2  3 |
---------------+----------+-----
Spellcasting   | 5 |  5.0
Invocations    | 1 |  1.0
Short Blades   | 1 |  1.0
Long Blades    | 1 |  1.0
Axes           | 1 |  1.0
Maces & Flails | 1 |  1.0
Staves         | 1 |  1.0
Slings         | 1 |  1.0
Bows           | 1 |  1.0
Crossbows      | 1 |  1.0
Stealth        | 1 |  1.0
Shields        | 1 |  1.0
Unarmed Combat | 1 |  1.0
Evocations     | 1 |  1.0
Fighting       | |  4.6
Polearms       | |  4.6
Throwing       | |  2.6
Armour         | |  2.6
Dodging        | |  4.6
Conjurations   | |  0.7
Hexes          | |  0.7
Summonings     | |  0.7
Necromancy     | |  0.7
Translocations | |  5.4
Transmutations | |  0.7
Fire Magic     | |  0.7
Ice Magic      | |  0.7
Air Magic      | |  0.7
Earth Magic    | |  0.7
Poison Magic   | |  0.7

Action                   || total
-------------------------++-------
Melee: Spear             ||   168
       Bite              ||     7
       Punch             ||     2
  Use: Potion            ||     2
Armor: Leather armour    ||    26
       Skin              ||     4
Dodge: Dodged            ||    74
